 Dungeon Crawl Stone Soup version 0.27-a0-637-g3a9f0a9c12 (webtiles) character file.

Game seed: 4546609298273661316

19210 spiderkeys the Cleaver (level 12, -1/108 HPs)
             Began as a Minotaur Berserker on Mar 14, 2021.
             Was a High Priest of Trog.
             Incinerated by a smoke demon (3 damage)
             ... with a sticky flame
             ... on level 2 of the Orcish Mines.
             The game lasted 00:21:25 (18392 turns).

spiderkeys the Cleaver (Minotaur Berserker)        Turns: 18392, Time: 00:21:26

Health: -1/108     AC: 17    Str: 26    XL:     12   Next: 34%
Magic:  11/11      EV:  7    Int:  4    God:    Trog [*****.]
Gold:   1262       SH: 18    Dex: 11    Spells: 11/11 levels left

rFire    . . .     SeeInvis .   q - +0 broad axe
rCold    . . .     Faith    .   s - +0 tower shield
rNeg     . . .     Spirit   .   w - +0 plate armour
rPois    +         Reflect  .   (helmet restricted)
rElec    .         Harm     .   o - +1 cloak
rCorr    .         Rampage  .   (no gloves)
Will     ++...                  (no boots)
Stlth    ..........             (no amulet)
HPRegen  1.28/turn              t - ring of poison resistance
MPRegen  0.12/turn              (no ring)

@: on fire, regenerating, glowing
A: horns 2, retaliatory headbutt
a: Renounce Religion, Berserk, Trog's Hand, Brothers in Arms


You were on level 2 of the Orcish Mines.
You worshipped Trog.
Trog was extremely pleased with you.
You visited 3 branches of the dungeon, and saw 14 of its levels.

You collected 1352 gold pieces.
You spent 90 gold pieces at shops.

Inventory:

Hand Weapons
 f - a +1 hand axe of flaming
 q - a +0 broad axe (weapon)
Missiles
 A - 2 throwing nets
Armour
 o - a +1 cloak (worn)
 s - a +0 tower shield (worn)
 w - a +0 plate armour (worn)
Jewellery
 i - a ring of flight
 t - a ring of poison resistance (right hand)
Wands
 b - a wand of digging (1)
 k - a wand of flame (50)
 y - a wand of mindburst (25)
Scrolls
 a - 3 scrolls of enchant armour
 c - 3 scrolls of enchant weapon
 g - a scroll of identify
 h - 5 scrolls of fear
 p - a scroll of teleportation
Potions
 d - a potion of curing
 e - 2 potions of flight
 j - 2 potions of resistance
 l - a potion of invisibility
 m - a potion of cancellation
 n - a potion of magic
 r - 6 potions of lignification
 v - a potion of mutation {unknown}
 z - a potion of heal wounds {unknown}
 B - a potion of berserk rage {unknown}


   Skills:
 + Level 10.6 Fighting
 * Level 14.3 Axes
 + Level 10.3 Armour
 + Level 9.7 Dodging
 + Level 9.5 Shields


You had 11 spell levels left.
You didn't know any spells.
Your spell library contained the following spells:

 Spells                   Type           Power      Damage    Failure   Level
 Animate Skeleton         Necr           0%         N/A       100%        1
 Apportation              Tloc           0%         N/A       100%        1
 Beastly Appendage        Tmut           0%         N/A       100%        1
 Corona                   Hex            0%         N/A       100%        1
 Summon Small Mammal      Summ           0%         N/A       100%        1
 Wereblood                Tmut           0%         N/A       100%        2
 Spider Form              Tmut/Pois      0%         N/A       100%        3
 Ice Form                 Ice/Tmut       0%         N/A       100%        4
 Blade Hands              Tmut           0%         N/A       100%        5
 Irradiate                Conj/Tmut      0%         3d14      100%        5
 Hydra Form               Tmut           0%         N/A       100%        6
 Statue Form              Tmut/Erth      0%         N/A       100%        6
 Dragon Form              Tmut           0%         N/A       100%        7


Dungeon Overview and Level Annotations

Branches:
Dungeon (11/15)            Temple (1/1) D:4            Lair (0/6) D:9
    Orc (2/2) D:9
    Elf: Orc:2

Altars:
Ashenzari
Cheibriados
Fedhas
Gozag
Hepliaklqana
Makhleb
Okawaru
Qazlal
Trog
Uskayaw
Vehumet
Xom
Yredelemnul
Zin
The Shining One

Shops:
D:4 [   D:9 ?   Orc:2 !*


Innate Abilities, Weirdness & Mutations

You have a pair of horns on your head.
You reflexively headbutt those who attack you in melee.


Message History

The orc warrior hits you with a +3 scimitar!
* * * LOW HITPOINT WARNING * * *
You slash the orc warrior!
You kill the orc warrior!
Trog accepts your kill. The smoke demon gestures at you.
The ball of steam hits you!!
* * * LOW HITPOINT WARNING * * *
You see here a +0 morningstar.
Items here: ) [ รทรท.
Your skin crawls.
You feel strong-willed.
You are engulfed in a cloud of scalding steam.
Things that are here:
a +0 leather armour; a +0 flail The smoke demon gestures at you.
The sticky flame hits you but does no damage.
You are covered in liquid flames!
Things that are here:
a +0 plate armour; a +0 scimitar; an orc skeleton You are covered in liquid flames!
* * * LOW HITPOINT WARNING * * *
The smoke demon gestures at you. Something smites you!
* * * LOW HITPOINT WARNING * * *
You see here a +0 club.
Okay, then.
Drinking this now will have no effect.
You feel better.
You are covered in liquid flames!
* * * LOW HITPOINT WARNING * * *
The smoke demon gestures at you. The sticky flame hits you.
You are covered in liquid flames!
* * * LOW HITPOINT WARNING * * *
Okay, then.
Drinking this now will have no effect.
Okay, then.
You are covered in liquid flames!
You die...

#......## ##.#..## ###...##
##....## #....## ##.#..##
##)...## .# ###...)..## .##
##.#).[##@.## ..##
#.)<[).###)[## ...##
#.)....# ##..###...## ..
#.....#.....###([##....#...
##....#......###[3#.#.....#
#........#...###.).)......
#....#.##.....###.).#.#.#.
..#....## ...... ##.......
....... ...... ##..#.#.


You could see a smoke demon.

Vanquished Creatures
  Josephine (Orc:1)
  A two-headed ogre (D:9)
  Erica (D:9)
  An orc high priest (Orc:2)
  A sun demon (Orc:1)
  A skeletal warrior (D:11)
  2 orc knights
  An orc sorcerer (Orc:2)
  A cyclops (D:10)
  An ugly thing (D:11)
  A komodo dragon (D:10)
  A hellwing (Orc:2)
  The ghost of srzhan31 the Conjurer, a novice GrCj of Vehumet (D:5)
  6 trolls
  A vampire (D:9)
  2 shadows (D:8)
  2 wyverns
  3 wraiths (Orc:1)
  A basilisk (D:9)
  12 yaks
  Eustachio (D:4)
  3 wargs (Orc:2)
  2 two-headed ogre zombies (D:9)
  Edmund (D:6)
  22 orc warriors
  An ice beast (D:9)
  2 black bears
  2 sky beasts
  2 necrophages
  A hornet zombie (D:9)
  6 centaurs
  8 ogres
  3 phantoms
  5 bullfrogs
  3 scorpions
  2 troll zombies (D:9)
  6 killer bees
  3 wights (D:11)
  4 howler monkeys
  A bullfrog zombie (D:7)
  3 centaur zombies
  5 hounds
  2 jellies
  17 orc priests
  2 iguanas
  Crazy Yiuf (D:2)
  3 centaur skeletons
  A gnoll shaman (Orc:1)
  Natasha (twice) (D:2)
  13 orc wizards
  6 worker ants
  4 ogre zombies (D:9)
  2 hound skeletons
  A howler monkey zombie (D:7)
  A worker ant zombie (D:11)
  7 gnolls
  13 adders
  A shadow imp (D:6)
  5 white imps
  2 ufetubi
  3 adder zombies
  4 worms (D:2)
  7 dart slugs
  5 leopard geckos
  45 orcs
  10 bats
  5 giant cockroaches
  9 goblins
  10 hobgoblins
  8 jackals
  3 quokkas
  2 ball pythons
  A ball python zombie (D:6)
  4 frilled lizards
  A goblin skeleton (D:9)
  2 goblin zombies (D:9)
  2 hobgoblin skeletons (D:9)
  5 hobgoblin zombies (D:9)
  A jackal skeleton (D:8)
  2 jackal zombies (D:7)
  5 kobolds
  A leopard gecko zombie (D:6)
  2 orc skeletons (D:9)
  11 orc zombies (D:9)
  A quokka skeleton (D:8)
  6 rats
365 creatures vanquished.

Notes
Turn   | Place    | Note
-------+----------+-------------------------------------------
     0 | D:1      | spiderkeys the Minotaur Berserker began the quest for the
                  | Orb.
     0 | D:1      | Reached XP level 1. HP: 19/19 MP: 0/0
   279 | D:1      | Reached XP level 2. HP: 27/27 MP: 1/1
   280 | D:1      | Reached skill level 4 in Axes
   662 | D:1      | Reached XP level 3. HP: 33/33 MP: 2/2
   898 | D:2      | Reached ** piety under Trog
  1144 | D:2      | Noticed Natasha
  1146 | D:2      | Killed Natasha
  1147 | D:2      | Reached XP level 4. HP: 31/40 MP: 3/3
  1310 | D:2      | Noticed Natasha
  1318 | D:2      | Killed Natasha
  1319 | D:2      | Reached skill level 5 in Axes
  1629 | D:2      | Found an iron altar of Okawaru.
  1665 | D:2      | Found a runed translucent door.
  1666 | D:2      | Noticed Crazy Yiuf
  1776 | D:2      | Killed Crazy Yiuf
  1777 | D:2      | Reached XP level 5. HP: 47/47 MP: 4/4
  2507 | D:3      | Found a shimmering altar of Xom.
  2508 | D:3      | Found a hazy altar of Hepliaklqana.
  2509 | D:3      | Noticed a spectral ugly thing
  2520 | D:3      | Found a faded altar of an unknown god.
  2565 | D:3      | Reached *** piety under Trog
  2579 | D:3      | Reached XP level 6. HP: 46/55 MP: 5/5
  2914 | D:4      | Reached skill level 5 in Fighting
  2914 | D:4      | Reached skill level 6 in Axes
  3242 | D:4      | Found Alalifopp's Armour Boutique.
  3481 | D:4      | Reached XP level 7. HP: 61/61 MP: 6/6
  3540 | D:4      | Noticed Eustachio
  3551 | D:4      | Found a staircase to the Ecumenical Temple.
  3556 | D:4      | Killed Eustachio
  3557 | D:4      | Reached skill level 1 in Shields
  3595 | D:4      | Found a glowing golden altar of the Shining One.
  3863 | D:4      | Identified the +2 leather armour of the Amoeba {rN+}
  3873 | Temple   | Entered the Ecumenical Temple
  3909 | D:5      | Entered Level 5 of the Dungeon
  3920 | D:5      | Noticed srzhan31's ghost (novice GrCj)
  3921 | D:5      | Found a runed translucent door.
  3967 | D:5      | Killed srzhan31's ghost
  3968 | D:5      | Reached skill level 7 in Axes
  3968 | D:5      | Reached skill level 5 in Armour
  4611 | D:5      | Reached skill level 5 in Dodging
  4611 | D:5      | Reached XP level 8. HP: 64/70 MP: 7/7
  5126 | D:5      | Found a stormy altar of Qazlal.
  5375 | D:6      | Reached **** piety under Trog
  5376 | D:6      | Reached skill level 8 in Axes
  5548 | D:6      | Found an opulent altar of Gozag.
  5587 | D:6      | Found a snail-covered altar of Cheibriados.
  5587 | D:6      | Found a radiant altar of Vehumet.
  5610 | D:6      | Found a glowing silver altar of Zin.
  5997 | D:6      | Found a shimmering altar of Xom.
  5999 | D:6      | Found a broken altar of Ashenzari.
  5999 | D:6      | Found an opulent altar of Gozag.
  6004 | D:6      | Found a shimmering altar of Xom.
  6004 | D:6      | Found a hazy altar of Hepliaklqana.
  6004 | D:6      | Found a shimmering altar of Xom.
  6206 | D:6      | Found a blossoming altar of Fedhas.
  6212 | D:6      | Reached skill level 9 in Axes
  6410 | D:6      | Noticed Edmund
  6420 | D:6      | Killed Edmund
  6564 | D:7      | Reached XP level 9. HP: 49/78 MP: 8/8
  6833 | D:7      | Found a basalt altar of Yredelemnul.
  7082 | D:7      | Found a burning altar of Makhleb.
  7117 | D:7      | Found a hide-covered altar of Uskayaw.
  7399 | D:8      | Reached skill level 10 in Axes
  7399 | D:8      | Reached skill level 5 in Shields
  8665 | D:8      | Reached ***** piety under Trog
  8805 | D:9      | Found a staircase to the Lair.
  9033 | D:9      | Reached XP level 10. HP: 73/88 MP: 9/9
  9388 | D:9      | Found a staircase to the Orcish Mines.
  9533 | D:8      | Reached skill level 11 in Axes
 10167 | D:9      | Noticed a two-headed ogre
 10174 | D:9      | Killed a two-headed ogre
 10742 | D:9      | Found Foofuj's Magic Scroll Shop.
 10813 | D:9      | Bought a scroll of blinking for 90 gold pieces
 11336 | D:10     | Entered Level 10 of the Dungeon
 11387 | D:10     | Received a gift from Trog
 11571 | D:10     | Noticed a cyclops
 11588 | D:10     | Killed a cyclops
 11589 | D:10     | Reached skill level 12 in Axes
 12040 | D:10     | Reached XP level 11. HP: 68/97 MP: 10/10
 12169 | D:10     | Noticed Erica
 12197 | D:9      | Killed Erica
 13015 | D:11     | Noticed a white ugly thing
 13029 | D:11     | HP: 1/97 [white ugly thing (26)]
 13032 | D:11     | Killed a white ugly thing
 14077 | D:11     | Reached skill level 13 in Axes
 14300 | D:11     | Identified the +1 scale mail of the Abyss {*Contam rCorr
                  | Str+10 Dex-5}
 14667 | D:11     | Noticed a skeletal warrior
 14696 | D:11     | Killed a skeletal warrior
 14697 | D:11     | Reached skill level 10 in Fighting
 15020 | D:11     | Noticed a phantasmal warrior
 15021 | D:11     | Noticed a death knight
 15021 | D:11     | Noticed a phantasmal warrior
 15376 | Orc:1    | Entered Level 1 of the Orcish Mines
 15389 | Orc:1    | Received a gift from Trog
 15455 | Orc:1    | Noticed Josephine
 15486 | Orc:1    | HP: 6/148 [Josephine/vampiric draining (15)]
 15488 | Orc:1    | Killed Josephine
 15492 | Orc:1    | HP: 2/99 [poisoned by Josephine]
 16117 | Orc:2    | Entered Level 2 of the Orcish Mines
 16336 | Orc:2    | Noticed an orc sorcerer
 16337 | Orc:2    | Noticed an orc high priest
 16345 | Orc:2    | Noticed a sixfirhy
 16351 | Orc:2    | Killed an orc high priest
 16352 | Orc:2    | Reached XP level 12. HP: 71/104 MP: 11/11
 16354 | Orc:2    | Reached skill level 10 in Armour
 16889 | Orc:2    | Found Guprar's Distillery.
 16917 | Orc:1    | Reached skill level 14 in Axes
 17754 | Orc:2    | Found Boeddom's General Store.
 18391 | Orc:2    | HP: 2/108 [smoke demon/sticky flame (6)]
 18392 | Orc:2    | Incinerated by a smoke demon

Illustrated notes

Levels and vault maps discovered:
D:1:      lemuel_arrival_lava_pool, layout_basic
D:2:      layout_basic, marbit_many_paths, kennysheep_generic_room_5,
          uniq_crazy_yiuf_cottage, uniq_natasha
D:3:      layout_rooms, regret_index_temple_of_mockery,
          chequers_ecumenical_altar_simple
D:4:      layout_basic, kennysheep_little_box, minmay_temple_entry_glass,
          serial_shops, shop, uniq_eustachio
D:5:      layout_loops_ring, kennysheep_mini, hellmonk_ghost_happy_afterlife,
          serial_bayou_crossing
D:6:      layout_basic, pdpol_temple_overflow_zin_treasury_gozag_greed,
          gammafunk_temple_overflow_pools, overflow_temple_1_default,
          doesnt_xom_only_xom, uniq_edmund
D:7:      layout_cave_pools, nicolae_uskayaw_dance_hall, old_standard_altar,
          nicolae_yredelemnul_corpse_copse
D:8:      layout_layer_cave
D:9:      layout_layer_cave, david_lair_generic, zombieorc2_lemuel,
          serial_shops, nicolae_shop_waterfront
D:10:     layout_loops_ring, serial_bayou_pond_e, uniq_erica
D:11:     layout_rooms
Temple:   compressed_dpeg_triangle_lava_temple
Orc:1:    layout_caves, uniq_josephine
Orc:2:    pf_orc_diabolical, layout_caves, minmay_orc_temple_c

Skill      XL: |  1  2  3  4  5  6  7  8  9 10 11 12 |
---------------+-------------------------------------+-----
Axes           | 4 5 6 7 9 10 12 13 14 | 14.3
Fighting       | 4 5 6 8 9 10 | 10.6
Armour         | 3 4 5 6 7 8 9 10 | 10.3
Dodging        | 3 4 5 7 8 9 |  9.7
Shields        | 2 4 5 7 9 |  9.5

Action                   |  1- 3 |  4- 6 |  7- 9 | 10-12 || total
-------------------------+-------+-------+-------+-------++-------
Melee: Hand axe          |    67 |   106 |   384 |   612 ||  1169
       Headbutt          |    12 |    18 |    82 |   180 ||   292
       Broad axe         |       |       |       |   112 ||   112
Invok: Berserk           |       |     1 |     1 |    10 ||    12
       Trog's Hand       |       |       |       |     4 ||     4
       Brothers in Arms  |       |       |       |     1 ||     1
Evoke: Wand              |       |       |     2 |       ||     2
  Use: Scroll            |       |       |    11 |     9 ||    20
       Potion            |       |       |       |     4 ||     4
 Stab: Sleeping          |     2 |       |       |       ||     2
Armor: Animal skin       |     7 |       |       |       ||     7
       Scale mail        |     4 |    46 |    11 |       ||    61
       Plate armour      |       |       |   173 |   225 ||   398
Dodge: Dodged            |    33 |    45 |    74 |   135 ||   287
Block: Kite shield       |       |     3 |   164 |   184 ||   351
       Tower shield      |       |       |       |   280 ||   280

Table legend: (Time is in decaauts)
 A = Elapsed time spent in this place.
 B = Non-inter-level travel time spent in this place.
 C = Inter-level travel time spent in this place.
 D = Time resting spent in this place.
 E = Time spent auto-exploring this place.
 F = Levels seen in this place.
 G = Mean time per level.
                   A        B        C        D        E       F      G
               +--------+--------+--------+--------+--------+-----+--------+
         Total |  18492 |  18022 |    470 |   5223 |  10437 |  14 | 1320.9 |
       Dungeon |  15404 |  14945 |    459 |   3270 |   9806 |  11 | 1400.4 |
        Temple |      1 |      1 |      0 |      0 |      0 |   1 |    1.0 |
  Orcish Mines |   3086 |   3075 |     11 |   1952 |    631 |   2 | 1543.0 |
               +--------+--------+--------+--------+--------+-----+--------+

Top non-repeatable levels by time:
    D:10: 2292 daAuts
     D:8: 2096 daAuts
     D:9: 2072 daAuts
   Orc:1: 1863 daAuts
    D:11: 1589 daAuts
     D:5: 1464 daAuts
     D:6: 1224 daAuts
   Orc:2: 1223 daAuts
     D:2: 1097 daAuts
     D:4: 1096 daAuts
     D:3: 933 daAuts
     D:1: 788 daAuts
     D:7: 749 daAuts
  Temple: 1 daAuts
